 Dungeon Crawl Stone Soup version 0.31-a0-1626-g5cb510d322 (webtiles) character file.

Game seed: 11458224067649402790

5086 Iaro the Blocker (level 10, -2/92 HPs)
             Began as a Minotaur Fighter on Jan 12, 2024.
             Was a Believer of Okawaru.
             Slain by an orange demon (9 damage)
             ... led by Amaemon
             ... on level 8 of the Dungeon.
             The game lasted 00:40:56 (7924 turns).

Iaro the Blocker (Minotaur Fighter)                 Turns: 7924, Time: 00:40:56

Health: -2/92      AC: 14    Str: 24    XL:     10   Next: 31%
Magic:  18/18      EV:  8    Int:  5    God:    Okawaru [**....]
Gold:   595        SH:  6    Dex: 11    Spells: 9/9 levels left

rFire   . . .        f - +1 broad axe (heavy)
rCold   . . .        c - +0 buckler
rNeg    . . .        q - +0 plate armour
rPois   +            (helmet restricted)
rElec   .            (no cloak)
rCorr   +            (no gloves)
SInv    .            (no boots)
Will    .....        C - amulet of the acrobat Stlth
                     n - ring of Day {rPois MP+9}
HPRegen 0.35/turn    F - ring of resist corrosion
MPRegen 0.16/turn

%: acrobat
@: lethally poisoned (-2 -> -24), about to teleport, weakened, slowed, studying
Fire Magic, very slow
A: horns 2, retaliatory headbutt, inability to drink after injury 1, sturdy
frame 1
a: Renounce Religion, Heroism


You were on level 8 of the Dungeon.
You worshipped Okawaru.
Okawaru was pleased with you.
You visited 2 branches of the dungeon, and saw 9 of its levels.
You also visited: Sewer.

You collected 595 gold pieces.

Inventory:

Hand Weapons
 a - a +0 war axe
 f - a +1 heavy broad axe (weapon)
 y - a +2 dagger of draining
Missiles
 i - 6 boomerangs
 m - 4 javelins
 D - a throwing net
 G - 6 poisoned darts
Armour
 c - a +0 buckler (worn)
 q - a +0 plate armour (worn)
Jewellery
 g - a ring of poison resistance
 n - the ring of Day (left hand) {rPois MP+9}
   (You acquired it on level 4 of the Dungeon)

   [ring of magical power]

   rPois:     It protects you from poison MP+9: It affects your magic capacity
   (+9).
 x - a ring of protection from cold
 A - a ring of ice
 C - an amulet of the acrobat (around neck)
 F - a ring of resist corrosion (right hand)
Talismans
 E - a blade talisman
Wands
 r - a wand of mindburst (16)
 s - a wand of paralysis (10)
 B - a wand of flame (7)
Scrolls
 d - a scroll of enchant weapon
 e - 3 scrolls of butterflies (quivered)
 k - 2 scrolls of amnesia
 o - a scroll of brand weapon
 p - 6 scrolls of teleportation
 u - a scroll of poison {unknown}
 w - 2 scrolls of blinking
 z - a scroll of revelation {unknown}
 H - a scroll of enchant armour {unknown}
 J - a scroll of identify
Potions
 b - a potion of berserk rage {unknown}
 j - 2 potions of degeneration
 l - 2 potions of attraction {unknown}
 v - 2 potions of resistance {unknown}
 I - a potion of enlightenment {unknown}


   Skills:
 + Level 9.7 Fighting
 + Level 9.4 Axes
 - Level 2.0 Throwing
 + Level 9.8 Armour
 + Level 9.8 Shields


You had 9 spell levels left.
You didn't know any spells.
Your spell library contained the following spells:

 Spells                   Type           Power      Damage    Failure   Level
 Shock                    Conj/Air       0%         1d3       99%         1
 Cigotuvi's Dreadful Rot  Necr/Alch/Air  0%         N/A       99%         2
 Lesser Beckoning         Tloc           0%         N/A       99%         2
 Hailstorm                Conj/Ice       0%         3d5       100%        3
 Swiftness                Air            0%         N/A       100%        3
 Airstrike                Air            0%         2d(0-16)  100%        4
 Dimensional Bullseye     Hex/Tloc       0%         N/A       100%        4
 Ignite Poison            Fire/Alch      0%         N/A       100%        4
 Alistair's Intoxication  Alch           0%         N/A       100%        5
 Borgnjor's Vile Clutch   Necr/Erth      0%         N/A       100%        5
 Freezing Cloud           Conj/Ice/Air   0%         6-21      100%        5
 Eringya's Noxious Bog    Alch           0%         4d6       100%        6
 Summon Ice Beast         Ice/Summ       Unusable   N/A       N/A         3
 Sculpt Simulacrum        Ice/Alch       Unusable   N/A       N/A         6
 Summon Cactus Giant      Summ           Unusable   N/A       N/A         6

Dungeon Overview and Level Annotations

Branches:
Dungeon (8/15)             Temple (1/1) D:7           Sewer (visited)
   Lair: D:8-11

Altars:
Ashenzari
Cheibriados
Dithmenos
Elyvilon
Fedhas
Gozag
Hepliaklqana
Kikubaaqudgha
Makhleb
Nemelex Xobeh
Okawaru
Qazlal
Ru
Sif Muna
Trog
Vehumet
Wu Jian
Xom
Yredelemnul
Zin
The Shining One

Shops:
D:1 *


Innate Abilities, Weirdness & Mutations

You have a pair of horns on your head.
You reflexively headbutt those who attack you in melee.
You occasionally lose the ability to drink potions when taking damage.
Your movements are slightly less encumbered by armour. (ER -2)


Message History

You barely miss the orange demon.
The orange demon is lightly wounded.
The orange demon barely misses you.
The orange demon hits you but does no damage.
The orange demon stings you.
* * * LOW HITPOINT WARNING * * *
You resist. The orange demon barely misses you.
You barely miss the orange demon.
The orange demon is lightly wounded.
The orange demon stings you.
* * * LOW HITPOINT WARNING * * *
The orange demon hits you.
* * * LOW HITPOINT WARNING * * *
You feel as though you will be weak longer.
The orange demon stings you but does no damage.
The orange demon hits you.
* * * LOW HITPOINT WARNING * * *
You feel as though you will be weak longer.
The orange demon stings you but does no damage.
The orange demon hits you but does no damage.
You feel better.
The orange demon stings you but does no damage.
You block the orange demon's attack.
You hit the orange demon.
The orange demon is lightly wounded.
The orange demon stings you. You block the orange demon's attack.
The orange demon completely misses you. You block the orange demon's attack.
The orange demon stings you.
* * * LOW HITPOINT WARNING * * *
You are lethally poisoned!
You have difficulty breathing.
* * * LOW HITPOINT WARNING * * *
You feel as though you will be slow longer.
The orange demon closely misses you.
As you read the scroll of teleportation, it crumbles to dust.
You feel strangely unstable.
* * * LOW HITPOINT WARNING * * *
You feel extremely sick. The orange demon stings you!
You die...

#...# #.. ### #...#
#.######+ ... ...#
#.##..... #.##
#.####.##.....
...###....#.##.....
#....#.##.#.#....#'
#.##.#.##.#.#.##.#.
#######.##...##.#.#.##.†.
........@4.........>.....
####.##.#.##.##.#.#......
#.......#.##.##.#.#......
#.##.####.##........)####
#.##.# #.####...#....###
#....####.####........†..
#.#.....................<
#'##...:..........##.#...
...4..............##...#.


You could see an orange demon (curare).

Vanquished Creatures
  Amaemon (D:8)
  Pikel (D:8)
  A hornet (D:7)
  Prince Ribbit (D:7)
  Sigmund (D:3)
  3 yaks (D:8)
  A steam dragon (D:7)
  Menkaure (D:7)
  2 water moccasins
  A sky beast (D:7)
  2 ice beasts
  2 black bears
  An ogre (D:6)
  2 centaurs (D:8)
  2 lemures (D:8)
  A kobold brigand (D:7)
  7 bullfrogs
  2 scorpions (D:5)
  3 wights (D:7)
  3 killer bees (D:8)
  3 bombardier beetles
  3 hounds
  An orc priest (D:8)
  A gnoll bouda (D:5)
  A sleepcap (D:5)
  Jessica (D:3)
  3 iguanas
  Terence (D:3)
  Natasha (thrice) (D:2)
  6 orc wizards
  Robin (D:4)
  8 gnolls
  16 adders
  2 shadow imps
  4 white imps
  2 ufetubi (D:5)
  9 dart slugs
  5 ribbon worms
  17 orcs
  14 endoplasms
  11 giant cockroaches
  16 goblins
  11 hobgoblins
  8 jackals
  11 kobolds
  3 quokkas
  14 ball pythons
  3 bats
  11 frilled lizards
  5 rats
232 creatures vanquished.

Notes
Turn   | Place    | Note
-------+----------+-------------------------------------------
     0 | D:1      | Iaro the Minotaur Fighter began the quest for the Orb.
     0 | D:1      | Reached XP level 1. HP: 19/19 MP: 0/0
   298 | D:1      | You fall into a shaft and drop 1 floor!
   384 | D:2      | Noticed Natasha
   387 | D:2      | Killed Natasha
   388 | D:2      | Reached XP level 2. HP: 26/27 MP: 1/1
   388 | D:2      | Reached XP level 3. HP: 32/33 MP: 2/2
   424 | D:2      | Noticed Natasha
   449 | D:2      | Killed Natasha
   450 | D:2      | Reached XP level 4. HP: 6/41 MP: 3/3
   542 | D:2      | Noticed Natasha
   548 | D:2      | Killed Natasha
  1081 | D:1      | Found Ruapos Liz's Assorted Antiques.
  1442 | D:3      | Reached XP level 5. HP: 41/47 MP: 4/4
  1479 | D:3      | Noticed Jessica
  1541 | D:3      | Found a white marble altar of Elyvilon.
  1723 | D:3      | Found a shimmering altar of Xom.
  1765 | D:3      | Noticed Sigmund
  1772 | D:3      | Killed Sigmund
  1773 | D:3      | Reached skill level 5 in Fighting
  1773 | D:3      | Reached skill level 1 in Throwing
  1773 | D:3      | Reached skill level 5 in Armour
  1773 | D:3      | Reached skill level 5 in Shields
  1773 | D:3      | Reached XP level 6. HP: 48/56 MP: 5/5
  2098 | D:3      | Killed Jessica
  2306 | D:3      | Noticed Terence
  2312 | D:3      | Killed Terence
  2427 | D:3      | Identified the +0 robe of Duggozou {+Inv Str+2}
  2531 | D:4      | Identified 2 scrolls of acquirement
  2531 | D:4      | Acquired the ring of Day {rPois MP+9}
  2723 | D:4      | Noticed Robin
  2736 | D:4      | Killed Robin
  2828 | D:4      | Reached XP level 7. HP: 40/61 MP: 6/6
  3018 | D:4      | Reached skill level 5 in Axes
  3472 | D:4      | Found a blossoming altar of Fedhas.
  3827 | D:4      | Found a sacrificial altar of Ru.
  3966 | D:5      | Entered Level 5 of the Dungeon
  4126 | D:5      | Found a glowing drain.
  4152 | D:5      | Reached XP level 8. HP: 28/71 MP: 7/7
  4246 | Sewer    | Entered a sewer
  5053 | D:6      | Found a glowing silver altar of Zin.
  5120 | D:6      | Found the +8 Wrath of Trog {antimagic, *Rage Rampage}
  5660 | D:6      | Identified the +2 helmet of Fanaticism {Str+2}
  6209 | D:7      | Found a staircase to the Ecumenical Temple.
  6226 | Temple   | Entered the Ecumenical Temple
  6289 | Temple   | Became a worshipper of Warmaster Okawaru
  6459 | D:7      | Reached XP level 9. HP: 48/78 MP: 8/8
  6461 | D:7      | Found a hazy altar of Hepliaklqana.
  6671 | D:7      | Acquired a +1 heavy broad axe
  6740 | D:7      | Got the Tome of Sidekicks and Coordinates
  6906 | D:7      | Found an ancient bone altar of Kikubaaqudgha.
  6988 | D:7      | Noticed Menkaure
  6998 | D:7      | Killed Menkaure
  7004 | D:7      | Reached * piety under Okawaru
  7403 | D:7      | Noticed Prince Ribbit
  7425 | D:7      | Killed Prince Ribbit
  7466 | D:7      | Found a shimmering blue altar of Sif Muna.
  7571 | D:7      | Identified the staff "Rusk" {^Fragile rElec Str+3 Conj Summ
                  | Air}
  7622 | D:8      | Reached ** piety under Okawaru
  7767 | D:8      | Noticed Pikel
  7778 | D:8      | Reached XP level 10. HP: 86/91 MP: 9/9
  7782 | D:8      | Killed Pikel
  7889 | D:8      | Noticed Amaemon
  7890 | D:8      | Noticed an orange demon
  7913 | D:8      | Killed Amaemon
  7918 | D:8      | Gained mutation: You occasionally lose the ability to drink
                  | potions when taking damage. [potion of mutation]
  7918 | D:8      | Gained mutation: Your movements are slightly less
                  | encumbered by armour. (ER -2) [potion of mutation]
  7924 | D:8      | Slain by an orange demon

Illustrated notes

Levels and vault maps discovered:
D:1:      matt_arrival_diagonals, layout_loops_ring, serial_shops,
          nicolae_shop_stone, minmay_crystal_room
D:2:      layout_basic, uniq_natasha
D:3:      minmay_bubble_buster, layout_loops_ring, mainiacjoe_overflow_paths,
          elyvilon_altar_3, uniq_sigmund, uniq_terence, uniq_jessica
D:4:      layout_basic, fedhas_altar_1, lemuel_coloured_pillars_altar,
          serial_library, serial_library_hellmonk_open_square,
          serial_library_hellmonk_recessed_alcove,
          serial_library_hellmonk_reading_circle,
          serial_library_hellmonk_open_cross, serial_library_hellmonk_octagon,
          serial_library_hellmonk_long_bookcase, serial_library_hellmonk_h_bend,
          uniq_robin
D:5:      layout_rooms, gup_sewer_entry_glass
D:6:      layout_loops_corners, lemuel_crystal_altar
D:7:      layout_loops_cross, nicolae_sif_muna_condensation,
          nicolae_hepliaklqana_hazy_memory, lemuel_tele_altar,
          minmay_temple_entry_slanted, uniq_prince_ribbit1, uniq_menkaure
D:8:      layout_basic, uniq_amaemon, uniq_pikel
Temple:   nicolae_temple_figure_eight

Skill      XL: |  1  2  3  4  5  6  7  8  9 10 |
---------------+-------------------------------+-----
Fighting       | 4 5 6 7 9 |  9.7
Axes           | 3 4 5 7 8 9 |  9.4
Armour         | 4 5 6 7 9 |  9.8
Shields        | 4 5 6 7 9 |  9.8
Throwing       | 1 2 |  2.0

Action                     |  1- 3 |  4- 6 |  7- 9 | 10-12 || total
---------------------------+-------+-------+-------+-------++-------
  Melee: War axe           |    55 |   135 |   288 |       ||   478
         Headbutt          |     5 |    17 |    57 |     3 ||    82
         Broad axe         |       |       |    60 |    21 ||    81
  Throw: Boomerang         |       |    12 |     1 |       ||    13
         Javelin           |       |     4 |       |       ||     4
    Use: Potion            |     3 |       |     2 |     3 ||     8
         Scroll            |       |     5 |     7 |     1 ||    13
 Armour: Scale mail        |    46 |    82 |   255 |       ||   383
         Plate armour      |       |       |    54 |    59 ||   113
  Dodge: Dodged            |    21 |    53 |   160 |    21 ||   255
  Block: Buckler           |    12 |    29 |    90 |    25 ||   156

Table legend: (Time is in decaauts)
 A = Elapsed time spent in this place.
 B = Non-inter-level travel time spent in this place.
 C = Inter-level travel time spent in this place.
 D = Time resting spent in this place.
 E = Time spent auto-exploring this place.
 F = Levels seen in this place.
 G = Mean time per level.
                   A        B        C        D        E       F      G
               +--------+--------+--------+--------+--------+-----+--------+
         Total |   8200 |   7539 |    661 |    991 |   4717 |  10 |  820.0 |
       Dungeon |   7694 |   7115 |    579 |    991 |   4659 |   8 |  961.8 |
        Temple |     83 |      1 |     82 |      0 |      0 |   1 |   83.0 |
         Sewer |    422 |    422 |      0 |      0 |     58 |   1 |  422.0 |
               +--------+--------+--------+--------+--------+-----+--------+

Top non-repeatable levels by time:
     D:4: 1530 daAuts
     D:7: 1400 daAuts
     D:3: 1144 daAuts
     D:6: 1133 daAuts
     D:1: 793 daAuts
     D:5: 692 daAuts
     D:2: 653 daAuts
   Sewer: 422 daAuts
     D:8: 346 daAuts
  Temple: 83 daAuts
